 Dungeon Crawl Stone Soup version 0.28-a0-909-g796cbd3a86 (webtiles) character file.

Game seed: 5641281758634099247

13532 Peloso the Slicer (level 11, -4/99 HPs)
             Began as a Minotaur Fighter on Nov 24, 2021.
             Was a Priest of Okawaru.
             Killed from afar by an ice dragon (52 damage)
             ... with a blast of cold
             ... on level 1 of the Lair of Beasts.
             The game lasted 00:22:29 (13431 turns).

Peloso the Slicer (Minotaur Fighter)               Turns: 13431, Time: 00:22:30

Health: -4/99      AC: 17    Str: 24    XL:     11   Next: 76%
Magic:  9/10       EV:  6    Int:  5    God:    Okawaru [***...]
Gold:   606        SH: 16    Dex: 12    Spells: 10/10 levels left

rFire   . . .      SeeInvis .   a - +4 rapier "Worm's Wrath" {flame, Fly rElec Will+ rCorr}
rCold   . . .      Faith    +   c - +0 tower shield
rNeg    . . .      Spirit   .   C - +0 plate armour
rPois   +          Reflect  .   (helmet restricted)
rElec   +          Harm     .   G - +0 cloak
rCorr   +          Rampage  .   f - +0 pair of gloves
Will    +....                   (no boots)
Stlth   ..........              g - amulet of faith
HPRegen 0.26/turn               s - ring of poison resistance
MPRegen 0.12/turn               (no ring)

@: mighty, flying
A: horns 2, retaliatory headbutt, poison resistance, electricity resistance,
strong 1, MP-powered wands
a: Renounce Religion, Heroism


You were on level 1 of the Lair of Beasts.
You worshipped Okawaru.
Okawaru was most pleased with you.
You visited 3 branches of the dungeon, and saw 12 of its levels.
You also visited: Sewer.

You collected 606 gold pieces.

Inventory:

Hand Weapons
 a - the +4 rapier "Worm's Wrath" (weapon) {flame, Fly rElec Will+ rCorr}
   (You found it on level 4 of the Dungeon)

   It burns those it strikes, dealing additional fire damage.
   rElec:     It insulates you from electricity.
   Fly:       It grants you flight.
   rCorr:     It protects you from acid and corrosion.
   Will:      It increases your willpower.
 b - a +3 long sword of freezing
Missiles
 o - a throwing net (quivered)
Armour
 c - a +0 tower shield (worn)
 f - a +0 pair of gloves (worn)
 C - a +0 plate armour (worn)
 G - a +0 cloak (worn)
Jewellery
 e - a ring of protection from fire
 g - an amulet of faith (around neck)
 h - a ring of protection from fire
 s - a ring of poison resistance (left hand)
Wands
 l - a wand of mindburst (31)
 m - a wand of iceblast (1)
 A - a wand of flame (26)
 E - a wand of digging (14)
Scrolls
 i - a scroll of enchant armour
 k - a scroll of amnesia
 t - 2 scrolls of immolation
 u - a scroll of acquirement
 v - 4 scrolls of teleportation
 y - a scroll of enchant weapon
 D - a scroll of magic mapping
Potions
 d - a potion of might
 j - a potion of curing
 n - a potion of flight
 p - a potion of invisibility {unknown}
 q - a potion of haste {unknown}
 r - a potion of mutation
 w - a potion of magic {unknown}
 z - a potion of ambrosia
 B - 2 potions of heal wounds {unknown}
Miscellaneous
 F - a phial of floods


   Skills:
 + Level 9.8 Fighting
 + Level 11.5(12.2) Short Blades
 + Level 7.3(10.8) Long Blades
 + Level 10.6 Armour
 + Level 3.6 Dodging
 + Level 1.0 Stealth
 + Level 11.2 Shields
 + Level 1.2 Evocations


You had 10 spell levels left.
You didn't know any spells.
Your spell library contained the following spells:

 Spells                   Type           Power      Damage    Failure   Level
 Magic Dart               Conj           0%         1d3       100%        1
 Slow                     Hex            0%         N/A       100%        1
 Searing Ray              Conj           0%         2d4       100%        2
 Confusing Touch          Hex            0%         N/A       100%        3
 Stone Arrow              Conj/Erth      0%         3d7       100%        3
 Vampiric Draining        Necr           0%         2d6       100%        3
 Fulminant Prism          Conj/Hex       0%         3d6       100%        4
 Lehudib's Crystal Spear  Conj/Erth      0%         10d2      100%        8
 Summon Small Mammal      Summ           Unusable   N/A       N/A         1
 Call Canine Familiar     Summ           Unusable   N/A       N/A         3
 Summon Guardian Golem    Hex/Summ       Unusable   N/A       N/A         3
 Animate Armour           Summ/Erth      Unusable   N/A       N/A         4

Dungeon Overview and Level Annotations

Branches:
Dungeon (10/15)            Temple (1/1) D:6            Lair (1/6) D:8
  Sewer (visited)
    Orc: D:9-12

Altars:
Ashenzari
Cheibriados
Dithmenos
Elyvilon
Fedhas
Gozag
Hepliaklqana
Kikubaaqudgha
Makhleb
Nemelex Xobeh
Okawaru
Qazlal
Ru
Sif Muna
Trog
Uskayaw
Vehumet
Wu Jian
Xom
Yredelemnul
Zin
The Shining One
Jiyva

Shops:
D:6 (


Innate Abilities, Weirdness & Mutations

You have a pair of horns on your head.
You reflexively headbutt those who attack you in melee.
Your system is resistant to poisons. (rPois)
You are resistant to electric shocks. (rElec)
Your muscles are strong. (Str +2)
You expend magic power (3 MP) to strengthen your wands.


Message History

The ice dragon is moderately wounded.
The ice dragon breathes frost at you. The blast of cold hits you!!
You barely miss the ice dragon.
The ice dragon is moderately wounded.
You hit the ice dragon but do no damage.
The ice dragon is moderately wounded.
The ice dragon breathes frost at you. The blast of cold hits you!!
You hit the ice dragon. You burn the ice dragon.
Your headbutt misses the ice dragon.
The ice dragon is moderately wounded.
The ice dragon bites you but does no damage.
You block the ice dragon's attack. The ice dragon barely misses you.
You barely miss the ice dragon.
You headbutt the ice dragon, but do no damage.
The ice dragon is moderately wounded.
You feel very mighty all of a sudden.
You block the ice dragon's attack. x2; The ice dragon closely misses you.
You hit the ice dragon. You burn the ice dragon.
The ice dragon is moderately wounded.
You block the ice dragon's attack.
The ice dragon claws you but does no damage.
The ice dragon tramples you but does no damage.
You hit the ice dragon. You burn the ice dragon. You headbutt the ice dragon.
The ice dragon is heavily wounded.
The ice dragon bites you! You block the ice dragon's attack. x2
You barely miss the ice dragon. You headbutt the ice dragon.
The ice dragon is heavily wounded.
You feel like a meek peon again.
You puncture the ice dragon! You burn the ice dragon.
The ice dragon is heavily wounded.
The ice dragon bites you but does no damage.
The ice dragon claws you. You block the ice dragon's attack.
You hit the ice dragon. You burn the ice dragon.
The ice dragon is severely wounded.
The ice dragon breathes frost at you. The blast of cold hits you!!!
Ouch! That really hurt!
You die...

###....##.###....
#...##.##.# ##...
#.####.##.# ###.
#.# #....# #. #.#
###### ## ##.# #
#..# #.## #@#
##D# #..# ##..##
##....## #......#
##......#
#.......##
#........#


You could see an ice dragon (catching breath).

Vanquished Creatures
  A two-headed ogre (D:7)
  3 death yaks (D:8)
  Nergalle (Lair:1)
  The ghost of bgiannan the Fighter, a novice GrFi of Cheibriados (D:7)
  2 centaur zombies
  A cane toad (Lair:1)
  A komodo dragon (D:10)
  Grinder (D:3)
  A tyrant leech (Lair:1)
  2 trolls
  Prince Ribbit (D:8)
  8 blink frogs (Lair:1)
  13 yaks
  A wraith (D:10)
  A basilisk (Lair:1)
  3 steam dragons
  4 swamp worms (Lair:1)
  An acid dragon (D:9)
  2 water moccasins
  2 orc warriors
  Pargi (Sewer)
  3 necrophages
  3 ogres
  6 wolves (Lair:1)
  3 centaurs
  A phantom (D:2)
  3 kobold brigands
  5 bullfrogs
  4 scorpions
  A water moccasin zombie (D:5)
  2 howler monkeys
  2 bullfrog zombies
  4 hounds
  A jelly (D:5)
  3 orc priests
  Crazy Yiuf (D:3)
  Jessica (D:3)
  9 orc wizards
  A scorpion zombie (D:5)
  3 iguanas
  3 killer bee zombies
  2 hound skeletons (D:4)
  6 adders
  A river rat (D:4)
  2 white imps
  3 adder skeletons
  4 worms
  18 orcs
  9 ball pythons
  4 endoplasms
  6 giant cockroaches
  10 goblins
  10 hobgoblins
  2 jackals (D:2)
  25 kobolds
  6 quokkas
  11 bats
  3 frilled lizards
  13 rats
245 creatures vanquished.

Vanquished Creatures (others)
  4 plants (Lair:1)
4 creatures vanquished.

Grand Total: 249 creatures vanquished

Notes
Turn   | Place    | Note
-------+----------+-------------------------------------------
     0 | D:1      | Peloso the Minotaur Fighter began the quest for the Orb.
     0 | D:1      | Reached XP level 1. HP: 19/19 MP: 0/0
   142 | D:1      | Reached XP level 2. HP: 25/27 MP: 1/1
   589 | D:1      | Reached XP level 3. HP: 33/33 MP: 2/2
  1124 | D:2      | Noticed a phantom
  1127 | D:2      | Found a faded altar of an unknown god.
  1131 | D:2      | Killed a phantom
  1132 | D:2      | Reached XP level 4. HP: 39/40 MP: 3/3
  1707 | D:3      | Reached XP level 5. HP: 47/47 MP: 4/4
  1805 | D:3      | Noticed Grinder
  1818 | D:3      | Killed Grinder
  1819 | D:3      | Reached skill level 5 in Fighting
  1819 | D:3      | Reached skill level 5 in Long Blades
  1819 | D:3      | Reached skill level 5 in Armour
  1819 | D:3      | Reached XP level 6. HP: 4/56 MP: 5/5
  2195 | D:3      | Noticed Jessica
  2201 | D:3      | Killed Jessica
  2281 | D:3      | Found a glowing golden altar of the Shining One.
  2430 | D:3      | Found a runed translucent door.
  2431 | D:3      | Noticed Crazy Yiuf
  2555 | D:4      | Reached XP level 7. HP: 61/61 MP: 6/6
  2656 | D:4      | Found a bloodstained altar of Trog.
  2725 | D:4      | Identified the +4 rapier "Worm's Wrath" {flame, Fly rElec
                  | Will+ rCorr}
  2836 | D:4      | Found a glowing drain.
  2841 | D:4      | Reached skill level 1 in Dodging
  2852 | Sewer    | Entered a sewer
  2891 | Sewer    | Noticed Pargi
  2901 | Sewer    | Killed Pargi
  2996 | D:4      | Reached skill level 1 in Short Blades
  3458 | D:5      | Entered Level 5 of the Dungeon
  3610 | D:5      | Reached XP level 8. HP: 67/70 MP: 7/7
  3628 | D:5      | Reached skill level 5 in Shields
  4169 | D:5      | Reached skill level 5 in Short Blades
  5170 | D:6      | Found a blossoming altar of Fedhas.
  5278 | D:6      | Found a staircase to the Ecumenical Temple.
  5299 | D:6      | Found Luaronimm's Firing Range.
  5438 | D:7      | Found a broken altar of Ashenzari.
  5457 | Temple   | Entered the Ecumenical Temple
  5775 | D:7      | Reached XP level 9. HP: 78/78 MP: 8/8
  6102 | D:7      | Noticed bgiannan's ghost (novice GrFi)
  6102 | D:7      | Noticed a two-headed ogre
  6107 | D:7      | Found a transporter.
  6111 | D:7      | Found a transporter.
  6774 | D:8      | Noticed Prince Ribbit
  6793 | D:8      | Killed Prince Ribbit
  7171 | D:8      | Noticed a death yak
  7191 | D:8      | Noticed a death yak
  7191 | D:8      | Noticed a death yak
  7193 | D:8      | Killed a death yak
  7194 | D:8      | Reached XP level 10. HP: 63/88 MP: 9/9
  7409 | D:8      | Killed a death yak
  7418 | D:8      | Killed a death yak
  7743 | D:8      | Found a staircase to the Lair.
  8134 | D:9      | Reached skill level 1 in Stealth
  8268 | D:9      | Reached skill level 10 in Short Blades
  9318 | D:10     | Entered Level 10 of the Dungeon
  9319 | D:10     | Found a white marble altar of Elyvilon.
  9325 | D:10     | Found a shadowy altar of Dithmenos.
  9332 | D:10     | Reached XP level 11. HP: 97/97 MP: 10/10
 10039 | D:10     | Found a radiant altar of Vehumet.
 10039 | D:10     | Found an iron altar of Okawaru.
 10040 | D:10     | Found a shimmering altar of Xom.
 10040 | D:10     | Found an ornate altar of the Wu Jian Council.
 10044 | D:10     | Found a hide-covered altar of Uskayaw.
 10047 | D:10     | Became a worshipper of Warmaster Okawaru
 10441 | D:3      | Killed Crazy Yiuf
 10718 | D:7      | Gained mutation: You are weak. (Str -2) [potion of
                  | mutation]
 10718 | D:7      | Gained mutation: You are resistant to electric shocks.
                  | (rElec) [potion of mutation]
 10723 | D:7      | Killed a two-headed ogre
 10724 | D:7      | Reached skill level 10 in Shields
 11015 | D:7      | Lost mutation: You are weak. (Str -2) [potion of mutation]
 11015 | D:7      | Gained mutation: You expend magic power (3 MP) to
                  | strengthen your wands. [potion of mutation]
 11015 | D:7      | Gained mutation: Your muscles are strong. (Str +2) [potion
                  | of mutation]
 11015 | D:7      | Gained mutation: Your system is resistant to poisons.
                  | (rPois) [potion of mutation]
 11153 | D:7      | Reached skill level 1 in Evocations
 11205 | D:7      | Killed bgiannan's ghost
 11205 | D:7      | Reached * piety under Okawaru
 11313 | Lair:1   | Entered Level 1 of the Lair of Beasts
 11336 | Lair:1   | Reached skill level 10 in Armour
 11340 | Lair:1   | Reached ** piety under Okawaru
 11851 | Lair:1   | Noticed Nergalle
 11858 | Lair:1   | Killed Nergalle
 11871 | Lair:1   | Identified a scroll of acquirement
 12796 | Lair:1   | Reached *** piety under Okawaru
 13405 | Lair:1   | Noticed an ice dragon
 13431 | Lair:1   | Killed from afar by an ice dragon

Illustrated notes

Levels and vault maps discovered:
D:1:      amcnicky_arrival_single_pillar, layout_rooms, minmay_tall_x
D:2:      layout_loops_ring, hellmonk_ecumenical_altar_dog_temple
D:3:      minmay_skewed_foursquare, layout_basic, marbit_many_paths,
          uniq_crazy_yiuf_cottage, uniq_grinder, uniq_jessica
D:4:      layout_basic, mainiacjoe_overflow_cross_hatched, portal_sewer_entry_a
D:5:      layout_basic
D:6:      layout_cave_pools, lemuel_coloured_pillars_altar,
          minmay_temple_entry_from_below_a, corexii_hall_statues_l,
          nicolae_benzene_ring, nicolae_shop_firing_range
D:7:      layout_loops_cross, mainiacjoe_overflow_alcove_1,
          gammafunk_ghost_smash
D:8:      layout_basic, dpeg_lair_monsters, chequers_serial_rivers_micro_b,
          uniq_prince_ribbit1
D:9:      layout_loops_ring, minmay_misc_feat_tiny
D:10:     layout_rooms, minitemple
Temple:   pf_slime_end_temple
Lair:1:   dragon1_lemuel, layout_hall_layers, worms_lemuel, uniq_nergalle

Skill      XL: |  1  2  3  4  5  6  7  8  9 10 11 |
---------------+----------------------------------+-----
Shields        | 4 6 8 9 11 | 11.2
Armour         | 4 5 6 7 8 9 10 | 10.6
Fighting       | 4 5 6 7 9 |  9.8
Long Blades    | 4 5 6 7 |  7.3
Dodging        | 1 2 3 |  3.6
Short Blades   | 3 6 8 10 11 | 11.5
Stealth        | 1 |  1.0
Evocations     | 1 |  1.2

Action                   |  1- 3 |  4- 6 |  7- 9 | 10-12 || total
-------------------------+-------+-------+-------+-------++-------
Melee: Long sword        |    96 |    66 |    26 |       ||   188
       Headbutt          |     6 |     5 |    57 |    77 ||   145
       Rapier            |       |       |   286 |   362 ||   648
Invok: Heroism           |       |       |       |     3 ||     3
Evoke: Wand              |     2 |     1 |       |     8 ||    11
  Use: Scroll            |       |     4 |     6 |     6 ||    16
       Potion            |       |       |     1 |     8 ||     9
Armor: Scale mail        |    57 |    30 |    81 |       ||   168
       Chain mail        |       |       |    43 |       ||    43
       Plate armour      |       |       |    12 |   123 ||   135
Dodge: Dodged            |    60 |    33 |    88 |    46 ||   227
Block: Buckler           |    22 |    16 |    34 |       ||    72
       Tower shield      |       |       |   140 |   296 ||   436

Table legend: (Time is in decaauts)
 A = Elapsed time spent in this place.
 B = Non-inter-level travel time spent in this place.
 C = Inter-level travel time spent in this place.
 D = Time resting spent in this place.
 E = Time spent auto-exploring this place.
 F = Levels seen in this place.
 G = Mean time per level.
                   A        B        C        D        E       F      G
               +--------+--------+--------+--------+--------+-----+--------+
         Total |  13530 |  12753 |    777 |   2153 |   7822 |  13 | 1040.8 |
       Dungeon |  11596 |  10836 |    760 |   1847 |   6611 |  10 | 1159.6 |
        Temple |    188 |    173 |     15 |      0 |    126 |   1 |  188.0 |
          Lair |   1603 |   1603 |      0 |    306 |    993 |   1 | 1603.0 |
         Sewer |    142 |    142 |      0 |      0 |     92 |   1 |  142.0 |
               +--------+--------+--------+--------+--------+-----+--------+

Top non-repeatable levels by time:
     D:8: 2150 daAuts
  Lair:1: 1603 daAuts
     D:7: 1493 daAuts
     D:6: 1298 daAuts
     D:9: 1263 daAuts
     D:3: 1134 daAuts
     D:5: 948 daAuts
     D:4: 920 daAuts
     D:2: 810 daAuts
    D:10: 792 daAuts
     D:1: 784 daAuts
  Temple: 188 daAuts
   Sewer: 142 daAuts
